 Dungeon Crawl Stone Soup version 0.27-a0-1149-g4505690ab0 (webtiles) character file.

Game seed: 5272357233598483205

47 chippings the Twirler (level 3, 0/28 HPs)
             Began as a Mummy Gladiator on May 13, 2021.
             Was a Believer of Dithmenos.
             Slain by a centaur (1 damage)
             ... on level 2 of the Dungeon.
             The game lasted 00:02:07 (1393 turns).

chippings the Twirler (Mummy Gladiator)             Turns: 1393, Time: 00:02:08

Health: 0/28       AC: 11    Str: 17    XL:     3   Next: 48%
Magic:  3/3        EV:  5    Int:  7    God:    Dithmenos [**....]
Gold:   37         SH:  0    Dex: 14    Spells: 2/2 levels left

rFire    x . .     SeeInvis .   a - +0 quarterstaff
rCold    + . .     Faith    .   (shield currently unavailable)
rNeg     + + +     Spirit   .   f - +0 plate armour
rPois    ∞         Reflect  .   c - +0 helmet
rElec    .         Harm     .   (no cloak)
rCorr    .         Rampage  .   (no gloves)
Will     .....                  (no boots)
Stlth    ..........             (no amulet)
HPRegen  0.09/turn              (no ring)
MPRegen  0.08/turn              (no ring)

@: wreathed by umbra
A: cold resistance 1, negative energy resistance 3, torment resistance 2, heat
vulnerability 1, no potions
a: Renounce Religion, Shadow Step


You were on level 2 of the Dungeon.
You worshipped Dithmenos.
Dithmenos was pleased with you.
You visited 1 branch of the dungeon, and saw 2 of its levels.

You collected 37 gold pieces.

Inventory:

Hand Weapons
 a - a +0 quarterstaff (weapon)
Missiles
 d - 3 throwing nets (quivered)
 e - 30 bolts
Armour
 c - a +0 helmet (worn)
 f - a +0 plate armour (worn)
Scrolls
 b - 3 scrolls of identify {unknown}
 g - a scroll of fog {unknown}
 h - a scroll of teleportation {unknown}


   Skills:
 + Level 2.7 Fighting
 * Level 3.4 Staves
 - Level 1.5 Throwing
 - Level 2.4 Dodging


You had 2 spell levels left.
You didn't know any spells.
Your spell library contained the following spells:

 Spells                   Type           Power      Damage    Failure   Level
 Foxfire                  Conj/Fire      0%         2x1d4     100%        1
 Conjure Flame            Conj/Fire      0%         6-21      100%        3
 Inner Flame              Hex/Fire       0%         N/A       100%        3
 Sticky Flame             Conj/Fire      0%         2d3       100%        4
 Fireball                 Conj/Fire      0%         3d3       100%        5


Dungeon Overview and Level Annotations

Branches:
Dungeon (2/15)

Altars:
Dithmenos


Innate Abilities, Weirdness & Mutations

You are immune to poison.
Your flesh is cold resistant. (rC+)
You are immune to negative energy. (rN+++)
You are immune to unholy pain and torment.
You are vulnerable to heat. (rF-)
You do not drink.


Message History

The centaur barely misses you.
The centaur kicks you but does no damage.
The centaur hits you but does no damage.
The centaur barely misses you.
You hit the centaur but do no damage.
The centaur is moderately wounded.
The centaur hits you but does no damage.
The centaur closely misses you.
The centaur hits you but does no damage.
The centaur kicks you but does no damage.
You hit the centaur.
The centaur is heavily wounded.
The centaur hits you.
The centaur kicks you but does no damage.
The centaur hits you.
The centaur kicks you but does no damage.
You hit the centaur but do no damage.
The centaur is heavily wounded.
The centaur hits you but does no damage.
The centaur barely misses you.
You barely miss the centaur.
The centaur is moderately wounded.
The centaur hits you.
* * * LOW HITPOINT WARNING * * *
The centaur kicks you but does no damage.
The centaur hits you.
* * * LOW HITPOINT WARNING * * *
The centaur kicks you but does no damage.
You completely miss the centaur.
The centaur is moderately wounded.
The centaur barely misses you. x2
The centaur hits you but does no damage.
The centaur closely misses you.
You hit the centaur.
The centaur is heavily wounded.
The centaur hits you but does no damage.
The centaur barely misses you. The centaur hits you.
* * * LOW HITPOINT WARNING * * *
The centaur kicks you.
You die...

#### ..# #.# .#.#
###.#### .#.###
#......# .....#
#......########.^...
#...........@.#...
####.....#####c#.#
####........# #.g..#
..............##....#
####..).....#.##....#
.....########.##......
####.####### ##....###
####........ ...#.#
.)...######. ####...


You could see a centaur and a hobgoblin.

Vanquished Creatures
  An adder (D:2)
  A dart slug (D:1)
  2 endoplasms
  3 giant cockroaches (D:2)
  A goblin (D:1)
  7 hobgoblins
  A kobold (D:1)
  A quokka (D:2)
  8 ball pythons
  4 bats
  A frilled lizard (D:1)
  2 rats
32 creatures vanquished.

Notes
Turn   | Place    | Note
-------+----------+-------------------------------------------
     0 | D:1      | chippings the Mummy Gladiator began the quest for the Orb.
     0 | D:1      | Reached XP level 1. HP: 16/16 MP: 1/1
   320 | D:1      | Found a faded altar of an unknown god.
   328 | D:1      | Became a worshipper of Dithmenos the Shadowed
   328 | D:1      | Reached * piety under Dithmenos
   337 | D:1      | Reached XP level 2. HP: 22/22 MP: 2/2
   604 | D:1      | Reached skill level 3 in Staves
  1057 | D:2      | Reached XP level 3. HP: 21/28 MP: 3/3
  1264 | D:2      | Reached ** piety under Dithmenos
  1377 | D:2      | Noticed a centaur
  1393 | D:2      | HP: 1/28 [centaur (3)]
  1393 | D:2      | Slain by a centaur

Illustrated notes

Levels and vault maps discovered:
D:1:      minmay_arrival_doors, layout_basic, shapermc_ecumenical_altar_venn
D:2:      kb_forest_paths, layout_basic, uniq_terence

Skill      XL: |  1  2 |
---------------+-------+-----
Staves         | 3 |  3.4
Fighting       | |  2.7
Throwing       | |  1.5
Dodging        | |  2.4

Action                   || total
-------------------------++-------
Melee: Quarterstaff      ||    94
Armor: Leather armour    ||     6
       Plate armour      ||    66
Dodge: Dodged            ||    69

Table legend: (Time is in decaauts)
 A = Elapsed time spent in this place.
 B = Non-inter-level travel time spent in this place.
 C = Inter-level travel time spent in this place.
 D = Time resting spent in this place.
 E = Time spent auto-exploring this place.
 F = Levels seen in this place.
 G = Mean time per level.
                   A        B        C        D        E       F      G
               +--------+--------+--------+--------+--------+-----+--------+
         Total |   1408 |   1388 |     20 |      0 |    952 |   2 |  704.0 |
       Dungeon |   1408 |   1388 |     20 |      0 |    952 |   2 |  704.0 |
               +--------+--------+--------+--------+--------+-----+--------+

Top non-repeatable levels by time:
     D:1: 922 daAuts
     D:2: 485 daAuts
